 Dungeon Sprint DCSS version 0.17-a0-1923-gc35365e (webtiles) character file.

626 Burgietje the Grappler (level 7, -12/84 HPs)
             Began as a Troll Monk on Sept 28, 2015.
             Was the Champion of Jiyva.
             Shot with an arrow by a centaur warrior (19 damage)
             ... in the Dungeon (Sprint IX: "|||||||||||||||||||||||||||||").
             The game lasted 00:03:03 (197 turns).

Burgietje the Grappler (Troll Monk)                  Turns: 197, Time: 00:03:03

Health: -12/84     AC:  8    Str: 22    XL:     7   Next: 23%
Magic:  6/6        EV: 11    Int:  6    God:    Jiyva [******]
Gold:   0          SH:  0    Dex: 17    Spells: 0 memorised, 6 levels left

rFire  . . .     SeeInvis .       - Unarmed
rCold  . . .     Clarity  .     a - +0 robe
rNeg   . . .     SustAt   .     (no shield)
rPois  .         Gourm    +     (helmet restricted)
rElec  .         Spirit   .     (no cloak)
rCorr  +         Warding  .     (gloves unavailable)
rMut   .         NoTele   +     (boots unavailable)
MR     .....                    (no amulet)
Stlth  ++........               n - +3 ring of dexterity
                                m - +2 ring of protection

@: lethally poisoned (-12 -> -12), not resistant to hostile enchantments,
unstealthy
A: unfitting armour, claws 3, fast metabolism 3, gourmand, regeneration 2,
shaggy fur 2, strong 1, tough skin 2
a: Request Jelly, Jelly Paralyse, Slimify, Cure Bad Mutation, Renounce Religion


You were in the Dungeon.
You worshipped Jiyva.
Jiyva was exalted by your worship.
You were very full.

You visited 1 branch

Inventory:

Armour
 a - a +0 robe (worn)
Jewellery
 m - a +2 ring of protection (left claw)
 n - a +3 ring of dexterity (right claw)
Magical devices
 l - a wand of cold (7)
Scrolls
 h - 2 scrolls of blinking
 j - 3 scrolls of remove curse
 k - 2 scrolls of amnesia
Potions
 c - 5 potions of curing
 d - 3 potions of heal wounds
 e - a potion of haste
 f - 4 potions of magic
 g - a potion of berserk rage
 i - a potion of invisibility
Comestibles
 b - 2 bread rations
 o - 7 chunks of flesh


   Skills:
 + Level 9.7 Fighting
 - Level 2.4 Dodging
 - Level 1.1 Stealth
 + Level 11.6 Unarmed Combat


You had 6 spell levels left.
You didn't know any spells.

Dungeon Overview and Level Annotations

Branches:
Dungeon (1/1)

Altars:
Cheibriados
Dithmenos
Elyvilon
Fedhas
Gozag
Kikubaaqudgha
Makhleb
Nemelex Xobeh
Okawaru
Qazlal
Ru
Sif Muna
Trog
Vehumet
Xom
Yredelemnul
Zin
The Shining One
Beogh
Jiyva
Lugonu


Innate Abilities, Weirdness & Mutations

You are too large for most types of armour.
You have claws for hands.
Your metabolism is lightning-fast.
You like to eat raw meat.
You heal very quickly.
You are covered in thick fur (AC +2).
You have very tough skin (AC +2).
Your muscles are strong. (Str +2)


Message History

* * * LOW HITPOINT WARNING * * *
You mangle the centaur warrior!!
The centaur warrior is severely wounded.
The centaur warrior hits you!
* * * LOW HITPOINT WARNING * * *
You feel sick.
The centaur warrior wields an uncursed shortbow.
The centaur warrior shoots an arrow.
The arrow barely misses you.
The arrow hits the jelly!
There is an open door, spattered with blood here.
Things that are here:
an arrow; a wyvern corpse The centaur warrior shoots an arrow.
The arrow hits you.
* * * LOW HITPOINT WARNING * * *
You see here an arrow.
You feel sick.
The centaur warrior shoots an arrow.
The arrow closely misses you.
The arrow hits the jelly!!
The jelly dies!
The centaur warrior shoots an arrow.
The arrow hits you!!
You die...

▓.▓
▓.▓
▓T▓
▓H▓
▓c▓
▓)▓
▓(▓
▓(▓
▓@▓
▓.▓
▓.▓
▓.▓
▓.▓
▓'▓
▓.▓
▓.▓
▓.▓


You could see a centaur warrior, a hippogriff and a troll.

Vanquished Creatures
  A wyvern (D)
  A soldier ant (D)
  An ice beast (D)
  A sky beast (D)
  2 ogres (D)
  2 worker ants (D)
  An adder (D)
  A bat skeleton (D)
  A bat zombie (D)
  A giant gecko (D)
  3 goblins (D)
  A kobold (D)
  2 quokkas (D)
18 creatures vanquished.

Vanquished Creatures (others)
  2 jellies (D)
  A crimson imp (D)
3 creatures vanquished.

Grand Total: 21 creatures vanquished

Notes
Turn   | Place    | Note
--------------------------------------------------------------
     0 | D        | Burgietje the Troll Monk began the quest for the Orb.
     0 | D        | Reached XP level 1. HP: 22/22 MP: 0/0
    37 | D        | Noticed a worker ant
    55 | D        | Killed a worker ant
    55 | D        | Reached skill level 6 in Unarmed Combat
    55 | D        | Reached XP level 2. HP: 22/33 MP: 1/1
    55 | D        | Reached XP level 3. HP: 26/40 MP: 2/2
    68 | D        | Found a glowing silver altar of Zin.
    68 | D        | Found a glowing golden altar of the Shining One.
    68 | D        | Found an ancient bone altar of Kikubaaqudgha.
    68 | D        | Found a basalt altar of Yredelemnul.
    68 | D        | Found a shimmering altar of Xom.
    68 | D        | Found a radiant altar of Vehumet.
    69 | D        | Found an iron altar of Okawaru.
    70 | D        | Found a burning altar of Makhleb.
    71 | D        | Found a deep blue altar of Sif Muna.
    72 | D        | Found a bloodstained altar of Trog.
    73 | D        | Found a sparkling altar of Nemelex Xobeh.
    74 | D        | Found a white marble altar of Elyvilon.
    75 | D        | Found a roughly hewn altar of Beogh.
    76 | D        | Found a viscous altar of Jiyva.
    77 | D        | Found a corrupted altar of Lugonu.
    78 | D        | Found a blossoming altar of Fedhas.
    79 | D        | Found a snail-covered altar of Cheibriados.
    80 | D        | Found a shadowy altar of Dithmenos.
    81 | D        | Found a stormy altar of Qazlal.
    82 | D        | Found an opulent altar of Gozag.
    83 | D        | Found a sacrificial altar of Ru.
    92 | D        | Became a worshipper of Jiyva Jeox the Shapeless
    92 | D        | Acquired Jiyva's first power
    92 | D        | Acquired Jiyva's second power
   113 | D        | Gained mutation: You can breathe flames. [Jiyva's grace]
   113 | D        | Acquired Jiyva's third power
   113 | D        | Lost mutation: You can breathe flames. [Jiyva's grace]
   114 | D        | Gained mutation: You are partially covered in rugged brown scales (AC +1, +3% HP). [Jiyva's grace]
   115 | D        | Acquired Jiyva's fourth power
   115 | D        | Gained mutation: You are partially covered in molten scales (AC +1). [Jiyva's grace]
   115 | D        | Lost mutation: You are partially covered in molten scales (AC +1). [Jiyva's grace]
   118 | D        | Noticed an ogre
   118 | D        | Noticed a worker ant
   118 | D        | Noticed an ice beast
   118 | D        | Noticed a crimson imp
   118 | D        | Noticed a sky beast
   120 | D        | Lost mutation: You are partially covered in rugged brown scales (AC +1, +3% HP). [Jiyva's grace]
   121 | D        | Gained mutation: You are covered in thick fur (AC +2). [Jiyva's grace]
   125 | D        | Killed a sky beast
   125 | D        | Reached skill level 8 in Unarmed Combat
   125 | D        | Reached XP level 4. HP: 47/52 MP: 3/3
   132 | D        | Killed an ice beast
   132 | D        | Reached skill level 9 in Unarmed Combat
   132 | D        | Reached XP level 5. HP: 40/62 MP: 4/4
   133 | D        | Killed a crimson imp
   138 | D        | Killed a worker ant
   149 | D        | Killed an ogre
   149 | D        | Reached XP level 6. HP: 51/72 MP: 5/5
   169 | D        | Gained mutation: Your muscles are strong. (Str +2) [Jiyva's grace]
   177 | D        | Noticed a troll
   177 | D        | Noticed a hippogriff
   177 | D        | Noticed a centaur warrior
   177 | D        | Noticed an ogre
   177 | D        | Noticed a wyvern
   177 | D        | Noticed a soldier ant
   182 | D        | Killed a soldier ant
   182 | D        | Reached skill level 10 in Unarmed Combat
   186 | D        | Killed a wyvern
   186 | D        | Reached skill level 11 in Unarmed Combat
   186 | D        | Reached XP level 7. HP: 63/83 MP: 6/6
   188 | D        | Killed an ogre
   197 | D        | Shot with an arrow by a centaur warrior

Vault maps used:
D:        linesprint

Action                   |  1- 3 |  4- 6 |  7- 9 || total
-------------------------+-------+-------+-------++-------
Melee: Unarmed           |    37 |    24 |     6 ||    67
Invok: Request Jelly     |       |     1 |       ||     1
  Eat: Chunk             |     4 |     2 |       ||     6
